 Dungeon Crawl Stone Soup version 0.29.1-1-gd02db69 (webtiles) character file.

Game seed: 13138529964747898403

74 Timinator the Insei (level 3, 0/28 HPs)
             Began as a Demigod Transmuter on Jan 14, 2023.
             Slain by an orc
             ... wielding a +0 trident
              (2 damage)
             ... on level 3 of the Dungeon.
             The game lasted 00:05:01 (1827 turns).

Timinator the Insei (Demigod Transmuter)            Turns: 1827, Time: 00:05:02

Health: 0/28       AC:  2    Str: 11    XL:     3   Next: 86%
Magic:  7/8        EV: 12    Int: 15    God:
Gold:   124        SH:  0    Dex: 18    Spells: 5/6 levels left

rFire   . . .      SeeInvis .     - Unarmed
rCold   . . .      Faith    .   (no shield)
rNeg    . . .      Spirit   .   a - +0 robe
rPois   .          Reflect  .   (helmet currently unavailable)
rElec   .          Harm     .   (no cloak)
rCorr   .          Rampage  .   (no gloves)
Will    .....                   (boots currently unavailable)
Stlth   ++........              (no amulet)
HPRegen 0.09/turn               m - ring of flight
MPRegen 0.11/turn               (no ring)

@: appendages, flying
A: horns 2, talons 2, high MP 1, forlorn, divine attributes
a: End Transformation


You were on level 3 of the Dungeon.
You had temporarily grown beastly horns and talons.
You visited 1 branch of the dungeon, and saw 3 of its levels.

You collected 124 gold pieces.

Inventory:

Armour
 a - a +0 robe (worn)
 c - a +0 pair of boots (melded)
 e - a +0 pair of boots
 g - a +0 ring mail
Jewellery
 m - a ring of flight (left hand)
Scrolls
 f - 2 scrolls of vulnerability
 h - a scroll of teleportation {unknown}
 i - a scroll of blinking {unknown}
 k - a scroll of magic mapping {unknown}
 l - a scroll of fog {unknown}
Potions
 j - a potion of curing {unknown}
 n - a potion of flight {unknown}


   Skills:
 * Level 1.6 Fighting
 * Level 1.0 Armour
 * Level 2.2 Dodging
 + Level 3.3 Unarmed Combat
 - Level 2.0 Spellcasting
 + Level 2.1 Transmutations


You had 5 spell levels left.
You knew the following spells:

 Your Spells              Type           Power      Damage    Failure   Level
a - Beastly Appendage     Tmut           16%        N/A       9%          1

Your spell library contained the following spells:

 Spells                   Type           Power      Damage    Failure   Level
 Sting                    Tmut/Pois      16%        1d3       14%         1
 Wereblood                Tmut           8%         N/A       14%         2
 Poisonous Vapours        Pois/Air       2%         N/A       32%         2
 Spider Form              Tmut/Pois      4%         N/A       38%         3
 Gell's Gravitas          Tloc           1%         N/A       54%         3
 Lesser Beckoning         Tloc           1%         N/A       54%         3
 Teleport Other           Tloc           1%         N/A       54%         3
 Ice Form                 Ice/Tmut       4%         N/A       80%         4
 Olgreb's Toxic Radiance  Pois           1%         N/A       91%         4


Dungeon Overview and Level Annotations

Branches:
Dungeon (3/15)


Innate Abilities, Weirdness & Mutations

You have temporarily grown beastly horns and talons.
You have an increased reservoir of magic. (+10% MP)
You shall have no god before yourself.
Your divine heritage dramatically boosts your attributes as you level up.


Message History

The orc throws a boomerang.
The boomerang hits you but does no damage.
The orc barely misses you.
Your transformation is almost over.
The orc barely misses you.
The orc throws a boomerang.
The boomerang hits you.
The orc throws a boomerang.
The boomerang hits you but does no damage.
The orc throws a boomerang.
The boomerang hits you but does no damage.
The orc hits you from afar with a +0 trident.
The orc completely misses you. The orc barely misses you.
The orc hits you but does no damage.
You feel less wooden.
Your +0 pair of boots unmelds from your body.
Your +0 robe unmelds from your body.
The orc hits you from afar with a +0 trident.
The orc throws a boomerang.
The boomerang hits you.
* * * LOW HITPOINT WARNING * * *
The orc throws a boomerang.
The boomerang barely misses you. The orc misses you.
An orc comes into view. It is wielding a +0 whip.
The orc hits you with a +0 trident.
* * * LOW HITPOINT WARNING * * *
Items here: ))) [[ ††.
Casting: Beastly Appendage (safe; 9% risk of failure)
Confirm with . or Enter, or press ? or * to list all spells.
You grow a pair of large bovine horns.
Your feet morph into talons.
Your +0 pair of boots melds into your body.
The orc hits you but does no damage.
You hit the orc but do no damage. Your kick misses the orc.
You headbutt the orc, but do no damage. The orc barely misses you.
You hit the orc. You claw the orc, but do no damage.
The orc is moderately wounded.
The orc barely misses you.
You barely miss the orc. You headbutt the orc, but do no damage.
The orc is moderately wounded.
The orc hits you with a +0 trident.
You die...

##.####### ##.# .#.#
.#{# .#<# ##.# #o# #.#
########.###
#.###########oo@.......#
#.............######.#.#
############....#
#.....# .......r#
###........ ##....####
##.#.# #....


You could see 2 orcs.

Vanquished Creatures
  An orc wizard (D:3)
  An adder zombie (D:3)
  2 orcs (D:3)
  5 endoplasms (D:1)
  8 goblins
  4 hobgoblins
  3 jackals (D:3)
  2 quokkas (D:1)
  4 ball pythons (D:1)
  A ball python zombie (D:3)
  2 bats (D:1)
  5 frilled lizards
  2 kobolds
  3 rats
43 creatures vanquished.

Vanquished Creatures (others)
  A fungus (D:1)
  4 plants (D:1)
5 creatures vanquished.

Grand Total: 48 creatures vanquished

Notes
Turn   | Place    | Note
-------+----------+-------------------------------------------
     0 | D:1      | Timinator the Demigod Transmuter began the quest for the
                  | Orb.
     0 | D:1      | Reached XP level 1. HP: 15/15 MP: 5/5
    63 | D:1      | Reached skill level 1 in Fighting
   508 | D:1      | Reached XP level 2. HP: 19/23 MP: 5/7
   766 | D:1      | Reached skill level 3 in Unarmed Combat
  1490 | D:2      | You are sucked into a shaft and drop 1 floor!
  1583 | D:3      | Reached XP level 3. HP: 26/28 MP: 6/8
  1792 | D:3      | Reached skill level 1 in Armour
  1827 | D:3      | Slain by an orc

Illustrated notes

Levels and vault maps discovered:
D:1:      eino_arrival_druids_welcome, layout_basic,
          dreamdust_ecumenical_altar_hidden_monk_grotto, st_stairs_5,
          interstate_on_off
D:2:      layout_loops_cross, hex_tiny, serial_bayou_pond_c,
          minmay_misc_feat_ornament
D:3:      layout_loops_ring, serial_undead, serial_undead_f, serial_undead_a,
          serial_undead_b, serial_undead_d, cheibrodos_sewer_entry_bend,
          kennysheep_flooded_box

Skill      XL: |  1  2  3 |
---------------+----------+-----
Fighting       | 1 |  1.6
Dodging        | 2 |  2.2
Spellcasting   | 2 |  2.0
Unarmed Combat | 3 |  3.3
Transmutations | 2 |  2.1
Armour         | 1 |  1.0

Action                   || total
-------------------------++-------
Melee: Unarmed           ||   131
       Kick              ||    15
       Headbutt          ||    16
       Punch             ||     3
 Cast: Beastly Appendage ||    20
  Use: Scroll            ||     2
       Potion            ||     1
 Stab: Sleeping          ||     1
Armor: Robe              ||    10
       Skin              ||    25
Dodge: Dodged            ||    64
